 Dungeon Crawl Stone Soup version 0.27.1-3-gb3d3a73c9e (webtiles) character file.

Game seed: 11721236576687815982

109 MisterFreud the Stinger (level 4, -1/31 (32) HPs)
             Began as a Gnoll Venom Mage on Oct 8, 2021.
             Was a Believer of Vehumet.
             Slain by a kobold brigand (2 damage)
             ... on level 3 of the Dungeon.
             The game lasted 00:06:05 (2444 turns).

MisterFreud the Stinger (Gnoll Venom Mage)          Turns: 2444, Time: 00:06:07

HP:   -1/31 (32)    AC:  5    Str:  7    XL:     4   Next: 90%
MP:   5/11          EV: 13    Int: 15    God:    Vehumet [**....]
Gold: 87            SH:  0    Dex: 13    Spells: 8/13 levels left

rFire    . . .     SeeInvis .   e - +0 spear
rCold    . . .     Faith    .   (no shield)
rNeg     . . .     Spirit   .   a - +0 robe
rPois    .         Reflect  .   b - +0 helmet
rElec    .         Harm     .   i - +0 cloak
rCorr    .         Rampage  .   j - +0 pair of gloves
Will     .....                  (no boots)
Stlth    +++.......             (no amulet)
HPRegen  0.10/turn              (no ring)
MPRegen  0.12/turn              (no ring)

@: lethally poisoned (-1 -> -6), very slightly contaminated, lightly drained
A: fangs 1, strong nose, distributed training
a: Renounce Religion


You were on level 3 of the Dungeon.
You worshipped Vehumet.
Vehumet was pleased with you.
You visited 1 branch of the dungeon, and saw 3 of its levels.

You collected 87 gold pieces.

Inventory:

Hand Weapons
 e - a +0 spear (weapon)
Armour
 a - a +0 robe (worn)
 b - a +0 helmet (worn)
 i - a +0 cloak (worn)
 j - a +0 pair of gloves (worn)
Jewellery
 d - a ring of fire
Scrolls
 c - 2 scrolls of identify
 g - a scroll of magic mapping
 h - a scroll of vulnerability {unknown}
Potions
 f - 2 potions of ambrosia {unknown}


   Skills:
 + Level 1.2 Fighting
 + Level 1.2 Short Blades
 + Level 1.2 Long Blades
 + Level 1.2 Axes
 + Level 1.2 Maces & Flails
 + Level 1.2 Polearms
 + Level 1.2 Staves
 + Level 1.2 Slings
 + Level 1.2 Bows
 + Level 1.2 Crossbows
 + Level 1.2 Throwing
 + Level 1.2 Armour
 + Level 4.7 Dodging
 + Level 4.3 Stealth
 + Level 1.2 Shields
 + Level 1.2 Unarmed Combat
 + Level 5.1 Spellcasting
 + Level 1.0 Conjurations
 + Level 1.0 Hexes
 + Level 1.0 Summonings
 + Level 1.0 Necromancy
 + Level 1.0 Translocations
 + Level 2.3 Transmutations
 + Level 1.0 Fire Magic
 + Level 1.0 Ice Magic
 + Level 1.0 Air Magic
 + Level 1.0 Earth Magic
 + Level 5.5 Poison Magic
 + Level 1.4 Invocations
 + Level 1.2 Evocations


You had 8 spell levels left.
You knew the following spells:

 Your Spells              Type           Power      Damage    Failure   Level
a - Sting                 Tmut/Pois      60%        1d6       3%          1
b - Shock                 Conj/Air       28%        1d4       11%         1
c - Mephitic Cloud        Conj/Pois/Air  11%        N/A       17%         3

Your spell library contained the following spells:

 Spells                   Type           Power      Damage    Failure   Level
 Foxfire                  Conj/Fire      28%        2x1d5     11%         1
 Poisonous Vapours        Pois/Air       26%        N/A       6%          2
 Olgreb's Toxic Radiance  Pois           20%        N/A       17%         4


Dungeon Overview and Level Annotations

Branches:
Dungeon (3/15)

Altars:
Vehumet
Wu Jian

Shops:
D:1 !


Innate Abilities, Weirdness & Mutations

You have very sharp teeth.
Your uncanny sense of smell can sniff out nearby items.
Your experience applies equally to all skills.


Message History

Vehumet accepts your kill.
The kobold brigand throws a poisoned dart.
The poisoned dart hits you!
You are poisoned.
Unknown command.
Unknown command.
Casting: Sting (safe; 3% risk of failure)
Confirm with . or Enter, or press ? or * to list all spells.
Aiming: Shock (safe; 11% risk of failure)
Press: ? - help, Shift-Dir - straight line, f - kobold brigand
Aim: a kobold brigand, wielding a +1 dagger of draining and quivering poisoned darts (60% to hit)
You miscast Shock.
You are very lightly contaminated with residual magic.
Nothing appears to happen.
You feel very sick. The kobold brigand barely misses you.
Unknown command.
Unknown command.
Casting: Shock (safe; 11% risk of failure)
Confirm with . or Enter, or press ? or * to list all spells.
Aiming: Shock (safe; 11% risk of failure)
Press: ? - help, Shift-Dir - straight line, f/p - kobold brigand
Aim: a kobold brigand, wielding a +1 dagger of draining and quivering poisoned darts (60% to hit)
The zap hits the kobold brigand.
The kobold brigand is lightly wounded.
The zap misses the orc.
* * * LOW HITPOINT WARNING * * *
You feel sick. The kobold brigand closely misses you.
Unknown command.
Okay, then.
Unknown command.
As you read the scroll labelled VIOWUCI RENOA, it crumbles to dust.
It is a scroll of identify.
g - a scroll of magic mapping
* * * LOW HITPOINT WARNING * * *
You feel sick.
The kobold brigand hits you with a +1 dagger of draining.
* * * LOW HITPOINT WARNING * * *
You feel drained.
You die...

#... #..# ######### #..#
##.......# #..## .........#
#...# .8.# #
.........########...# ..$#.##
......).............## (#.o..
†............#####...# (.#8#
.............'oK@...## g...#
##...........#####.## ∆...
.......[.....'.o...####.######
##...........#####..).........
########....# #.#........+.
#....# #.#........# #....#
#..#####'#..# ###### ##+
#.#... #.. .


You could see a kobold brigand and an orc.

Vanquished Creatures
  4 gnolls (D:2)
  A worm (D:2)
  3 dart slugs
  2 orcs (D:3)
  7 ball pythons
  8 endoplasms
  3 giant cockroaches
  4 goblins
  6 hobgoblins
  4 jackals (D:2)
  2 quokkas
  3 bats
  2 frilled lizards
  2 kobolds
  3 rats
54 creatures vanquished.

Vanquished Creatures (others)
  12 plants (D:2)
12 creatures vanquished.

Grand Total: 66 creatures vanquished

Notes
Turn   | Place    | Note
-------+----------+-------------------------------------------
     0 | D:1      | MisterFreud the Gnoll Venom Mage began the quest for the
                  | Orb.
     0 | D:1      | Reached XP level 1. HP: 13/13 MP: 6/6
   333 | D:1      | Reached XP level 2. HP: 13/19 MP: 2/7
   727 | D:1      | Found Zanweof's Distillery.
  1078 | D:1      | Reached XP level 3. HP: 25/25 MP: 6/9
  1136 | D:2      | Reached skill level 5 in Spellcasting
  1274 | D:2      | Found a faded altar of an unknown god.
  1281 | D:2      | Became a worshipper of Vehumet
  1281 | D:2      | Reached * piety under Vehumet
  1281 | D:2      | Offered knowledge of Shock by Vehumet.
  1284 | D:2      | Learned a level 1 spell: Shock
  1288 | D:2      | Learned a level 3 spell: Mephitic Cloud
  1340 | D:2      | Reached skill level 1 in Invocations
  1605 | D:3      | Found an ornate altar of the Wu Jian Council.
  1664 | D:2      | Reached skill level 1 in Fighting
  1664 | D:2      | Reached skill level 1 in Short Blades
  1664 | D:2      | Reached skill level 1 in Long Blades
  1664 | D:2      | Reached skill level 1 in Axes
  1664 | D:2      | Reached skill level 1 in Maces & Flails
  1664 | D:2      | Reached skill level 1 in Polearms
  1664 | D:2      | Reached skill level 1 in Staves
  1664 | D:2      | Reached skill level 1 in Slings
  1664 | D:2      | Reached skill level 1 in Bows
  1664 | D:2      | Reached skill level 1 in Crossbows
  1664 | D:2      | Reached skill level 1 in Throwing
  1664 | D:2      | Reached skill level 1 in Armour
  1664 | D:2      | Reached skill level 1 in Shields
  1664 | D:2      | Reached skill level 1 in Unarmed Combat
  1664 | D:2      | Reached skill level 1 in Evocations
  1868 | D:2      | Reached XP level 4. HP: 32/32 MP: 9/11
  1947 | D:2      | Reached skill level 1 in Conjurations
  1947 | D:2      | Reached skill level 1 in Hexes
  1947 | D:2      | Reached skill level 1 in Summonings
  1947 | D:2      | Reached skill level 1 in Necromancy
  1947 | D:2      | Reached skill level 1 in Translocations
  1947 | D:2      | Reached skill level 1 in Fire Magic
  1947 | D:2      | Reached skill level 1 in Ice Magic
  1947 | D:2      | Reached skill level 1 in Air Magic
  1947 | D:2      | Reached skill level 1 in Earth Magic
  2410 | D:3      | Noticed a kobold brigand
  2424 | D:3      | Reached ** piety under Vehumet
  2424 | D:3      | Offered knowledge of Foxfire by Vehumet.
  2444 | D:3      | HP: 1/32 [kobold brigand (6)]
  2444 | D:3      | Slain by a kobold brigand

Illustrated notes

Levels and vault maps discovered:
D:1:      wander_arrival_peaceful_grave, layout_loops_cross, serial_shops, shop
D:2:      layout_rooms, dilly_ecumenical_altar_fadedgnrine,
          hangedman_glass_teeth
D:3:      layout_basic, fedhas_altar_4, nzn_wu_jian_council_hall,
          guppyfry_early_orc_mine

Skill      XL: |  1  2  3  4 |
---------------+-------------+-----
Transmutations | 2 |  2.3
Spellcasting   | 5 |  5.1
Invocations    | 1 |  1.4
Fighting       | 1 |  1.2
Short Blades   | 1 |  1.2
Long Blades    | 1 |  1.2
Axes           | 1 |  1.2
Maces & Flails | 1 |  1.2
Polearms       | 1 |  1.2
Staves         | 1 |  1.2
Slings         | 1 |  1.2
Bows           | 1 |  1.2
Crossbows      | 1 |  1.2
Throwing       | 1 |  1.2
Armour         | 1 |  1.2
Shields        | 1 |  1.2
Unarmed Combat | 1 |  1.2
Evocations     | 1 |  1.2
Conjurations   | 1 |  1.0
Hexes          | 1 |  1.0
Summonings     | 1 |  1.0
Necromancy     | 1 |  1.0
Translocations | 1 |  1.0
Fire Magic     | 1 |  1.0
Ice Magic      | 1 |  1.0
Air Magic      | 1 |  1.0
Earth Magic    | 1 |  1.0
Dodging        | |  4.7
Stealth        | |  4.3
Poison Magic   | |  5.5

Action                   |  1- 3 |  4- 6 || total
-------------------------+-------+-------++-------
Melee: Unarmed           |     5 |       ||     5
       Bite              |     2 |       ||     2
       Spear             |    16 |    10 ||    26
 Cast: Sting             |    54 |    29 ||    83
       Shock             |     2 |     1 ||     3
  Use: Scroll            |       |     1 ||     1
 Stab: Sleeping          |     3 |       ||     3
Armor: Robe              |     4 |     2 ||     6
Dodge: Dodged            |    23 |    16 ||    39
